 Dungeon Crawl Stone Soup version 0.32-a0-779-g362cfcae2a (webtiles) character file.

Game seed: 18163420582116853580

1347 Griffin23 the Carver (level 8, -7/62 (71) HPs)
             Began as a Minotaur Fighter on Mar 19, 2024.
             Was a Believer of Okawaru.
             Mangled by a wight
             ... wielding a +4 hand axe of freezing
              (9 damage)
             ... on level 6 of the Dungeon.
             The game lasted 00:09:02 (4453 turns).

Griffin23 the Carver (Minotaur Fighter)             Turns: 4453, Time: 00:09:03

HP:   -7/62 (71)    AC: 18    Str: 25    XL:     8   Next: 36%
MP:   5/7           EV: 14    Int:  8    God:    Okawaru [**....]
Gold: 390           SH:  6    Dex: 10    Spells: 7/7 levels left

rFire   + . .        a - +0 long sword
rCold   . . .        c - +0 buckler
rNeg    + . .        r - +2 chain mail {rF+}
rPois   .            (helmet restricted)
rElec   .            (no cloak)
rCorr   +            (no gloves)
SInv    .            (no boots)
Will    .....        y - amulet "Baucsiex" {Faith rN+ Int+3} Stlth
                     m - +4 ring of protection
HPRegen 0.30/turn    z - ring "Iwiogi" {rCorr EV+5 Str+2}
MPRegen 0.10/turn

%: faith
@: heroic, heavily drained
A: horns 2, retaliatory headbutt
a: Renounce Religion, Heroism


You were on level 6 of the Dungeon.
You worshipped Okawaru.
Okawaru was pleased with you.
You visited 2 branches of the dungeon, and saw 7 of its levels.

You collected 390 gold pieces.

Inventory:

Hand Weapons
 a - a +0 long sword (weapon)
Missiles
 A - 2 boomerangs
 B - 14 poisoned darts
 C - 6 curare-tipped darts (quivered)
Armour
 b - a +0 scale mail
 c - a +0 buckler (worn)
 r - a +2 chain mail of fire resistance (worn)
Jewellery
 k - a ring of magical power
 m - a +4 ring of protection (left hand)
 y - the amulet "Baucsiex" (around neck) {Faith rN+ Int+3}
   (You found it on level 4 of the Dungeon)

   [amulet of faith]

   Faith:     It allows you to gain divine favour quickly.
   Int+3:     It affects your intelligence (+3).
   rN+:       It protects you from negative energy.
 z - the ring "Iwiogi" (right hand) {rCorr EV+5 Str+2}
   (You found it on level 5 of the Dungeon)

   [ring of evasion]

   EV+5:      It affects your evasion (+5).
   Str+2:     It affects your strength (+2).
   rCorr:     It protects you from acid and corrosion.
Wands
 w - a wand of flame (17)
Scrolls
 e - 4 scrolls of identify {unknown}
 g - 4 scrolls of teleportation {unknown}
 h - a scroll of fear {unknown}
 i - a scroll of amnesia {unknown}
 l - a scroll of enchant weapon {unknown}
 p - a scroll of immolation {unknown}
 q - a scroll of acquirement {unknown}
 t - 2 scrolls of poison {unknown}
 v - a scroll of vulnerability {unknown}
 x - a scroll of revelation {unknown}
 D - a scroll of torment {unknown}
 E - a scroll of silence {unknown}
Potions
 d - 3 potions of might
 f - 3 potions of brilliance {unknown}
 j - a potion of degeneration {unknown}
 n - 2 potions of curing {unknown}
 o - a potion of attraction {unknown}
 s - a potion of ambrosia {unknown}
 u - a potion of mutation {unknown}


   Skills:
 + Level 6.5(11.5) Fighting
 * Level 8.1(13.1) Long Blades
 + Level 6.6(11.6) Armour
 + Level 6.6(11.6) Shields


You had 7 spell levels left.
You didn't know any spells.
Your spell library contained the following spells:

 Spells                   Type           Power      Damage    Failure   Level
 Jinxbite                 Hex            0%         N/A       95%         2
 Yara's Violent Unravell  Hex/Alch       0%         3d3       100%        5
 Enfeeble                 Hex            0%         N/A       100%        7


Dungeon Overview and Level Annotations

Branches:
Dungeon (6/15)             Temple (1/1) D:4

Altars:
Cheibriados
Dithmenos
Fedhas
Gozag
Hepliaklqana
Kikubaaqudgha
Makhleb
Okawaru
Qazlal
Sif Muna
Uskayaw
Vehumet
Wu Jian
Xom
Yredelemnul
The Shining One

Shops:
D:6 [


Innate Abilities, Weirdness & Mutations

You have a pair of horns on your head.
You reflexively headbutt those who attack you in melee.


Message History

You closely miss the wight. You headbutt the wight.
The wight is heavily damaged.
The wight hits you with a +3 war axe.
The wight hits you from afar with a +0 trident!
You partially resist.
You feel drained. The wight hits you but does no damage.
You barely miss the wight. You headbutt the wight.
The wight is severely damaged.
The wight hits you but does no damage. The wight barely misses you.
The wight hits you with a +0 mace! You partially resist.
You feel drained.
You slash the wight!
You destroy the wight!
Okawaru accepts your kill. The wight barely misses you.
The wight hits you but does no damage.
You barely miss the wight. The wight hits you but does no damage.
The wight barely misses you.
The wight hits you with a +4 hand axe of freezing!
You partially resist.
You feel drained. The wight freezes you.
You are too injured to fight recklessly!
You are too injured to fight recklessly!
You are too injured to fight recklessly!
You gain the combat prowess of a mighty hero.
The wight completely misses you.
The wight hits you but does no damage. x2
You hit the wight. Your headbutt misses the wight.
The wight is lightly damaged.
The wight barely misses you.
The wight hits you from afar with a +0 trident!
* * * LOW HITPOINT WARNING * * *
You partially resist.
You feel drained.
* * * LOW HITPOINT WARNING * * *
You block the wight's attack.
You hit the wight.
You headbutt the wight, but do no damage.
The wight is lightly damaged.
The wight hits you with a +3 war axe!
* * * LOW HITPOINT WARNING * * *
You partially resist.
You feel drained.
* * * LOW HITPOINT WARNING * * *
The wight hits you but does no damage.
The wight hits you with a +4 hand axe of freezing!
You die...

##### ##### #########
#.[...#...#....#.....>..
#.....#...#....#........
#....zzz..#....#........
#@..#....#........
#...##...#........
##...##...#......∩.
#.....†...+.....∩∩∩
#....##...#####..∩.
#....##...###..##..
#..................
#..................
#..................


You could see 3 wights.

Vanquished Creatures
  Sigmund (D:5)
  Menkaure (D:5)
  2 black bears
  An ice beast (D:6)
  An ogre (D:5)
  2 phantoms
  2 scorpions
  2 wights (D:6)
  2 bombardier beetles
  A jelly (D:6)
  An iguana (D:6)
  Jessica (D:3)
  2 sleepcaps
  7 adders
  2 ufetubi (D:6)
  6 dart slugs
  2 ribbon worms
  3 orcs
  8 ball pythons
  6 endoplasms
  2 giant cockroaches
  5 goblins
  2 hobgoblins (D:3)
  6 jackals
  7 kobolds
  4 quokkas
  5 bats
  3 frilled lizards
  3 rats
90 creatures vanquished.

Notes
Turn   | Place    | Note
-------+----------+-------------------------------------------
     0 | D:1      | Griffin23 the Minotaur Fighter began the quest for the Orb.
     0 | D:1      | Reached XP level 1. HP: 19/19 MP: 0/0
   122 | D:1      | Reached XP level 2. HP: 22/27 MP: 1/1
   279 | D:1      | Reached skill level 3 in Long Blades
   930 | D:2      | Reached XP level 3. HP: 33/33 MP: 2/2
  1293 | D:3      | Reached XP level 4. HP: 21/40 MP: 3/3
  1467 | D:3      | Reached skill level 4 in Long Blades
  1945 | D:3      | Noticed Jessica
  1948 | D:3      | Killed Jessica
  1949 | D:3      | Reached XP level 5. HP: 47/47 MP: 4/4
  1992 | D:3      | Found an ornate altar of the Wu Jian Council.
  2333 | D:4      | Identified the +8 dagger "Boden" {elec, Int+2}
  2529 | D:4      | Found a staircase to the Ecumenical Temple.
  2534 | D:4      | Noticed a black bear
  2548 | D:4      | Killed a black bear
  2549 | D:4      | Reached skill level 5 in Long Blades
  2549 | D:4      | Reached skill level 5 in Shields
  2549 | D:4      | Reached XP level 6. HP: 19/55 MP: 5/5
  2552 | Temple   | Entered the Ecumenical Temple
  2617 | Temple   | Became a worshipper of Warmaster Okawaru
  2750 | D:4      | Reached skill level 5 in Fighting
  2750 | D:4      | Reached skill level 5 in Armour
  2950 | D:4      | Identified the amulet "Baucsiex" {Faith rN+ Int+3}
  3145 | D:5      | Entered Level 5 of the Dungeon
  3195 | D:5      | Noticed Sigmund
  3214 | D:5      | Killed Sigmund
  3214 | D:5      | Reached * piety under Okawaru
  3215 | D:5      | Reached skill level 6 in Long Blades
  3215 | D:5      | Reached XP level 7. HP: 41/61 MP: 6/6
  3356 | D:5      | Identified the ring "Iwiogi" {rCorr EV+5 Str+2}
  3376 | D:5      | Noticed Menkaure
  3383 | D:5      | Killed Menkaure
  3578 | D:5      | Reached ** piety under Okawaru
  3579 | D:5      | Reached skill level 7 in Long Blades
  4289 | D:6      | Found Toist's Antique Armour Emporium.
  4300 | D:6      | Reached XP level 8. HP: 57/70 MP: 7/7
  4445 | D:6      | Reached skill level 8 in Long Blades
  4453 | D:6      | HP: 2/62 [wight/+3 war axe (2)]
  4453 | D:6      | Mangled by a wight

Illustrated notes

Levels and vault maps discovered:
D:1:      nicolae_arrival_washed_ashore, layout_rooms, minmay_gold_behind_fungi
D:2:      layout_rooms
D:3:      layout_loops_ring, nicolae_wu_jian_immortal_techniques, uniq_jessica
D:4:      layout_basic, minmay_temple_entry_gardened_gates, patterned_corridor
D:5:      layout_loops_cross, uniq_sigmund, uniq_menkaure
D:6:      layout_gridville, serial_shops, nicolae_shop_dealshenge
Temple:   regret_index_temple_generic_petals

Skill      XL: |  1  2  3  4  5  6  7  8 |
---------------+-------------------------+-----
Long Blades    | 3 4 5 6 7 8 |  8.1
Shields        | 4 5 6 |  6.6
Fighting       | 4 5 6 |  6.5
Armour         | 4 5 6 |  6.6

Action                     |  1- 3 |  4- 6 |  7- 9 || total
---------------------------+-------+-------+-------++-------
  Melee: Long sword        |   131 |   131 |    78 ||   340
         Headbutt          |    29 |    19 |    20 ||    68
 Invoke: Heroism           |       |       |     1 ||     1
 Armour: Scale mail        |    89 |    33 |       ||   122
         Chain mail        |       |    58 |    56 ||   114
  Dodge: Dodged            |    45 |    60 |    26 ||   131
  Block: Buckler           |    24 |    28 |    18 ||    70

Table legend: (Time is in decaauts)
 A = Elapsed time spent in this place.
 B = Non-inter-level travel time spent in this place.
 C = Inter-level travel time spent in this place.
 D = Time resting spent in this place.
 E = Time spent auto-exploring this place.
 F = Levels seen in this place.
 G = Mean time per level.
                   A        B        C        D        E       F      G
               +--------+--------+--------+--------+--------+-----+--------+
         Total |   4527 |   3931 |    596 |      0 |   3133 |   7 |  646.7 |
       Dungeon |   4436 |   3928 |    508 |      0 |   3133 |   6 |  739.3 |
        Temple |     90 |      2 |     88 |      0 |      0 |   1 |   90.0 |
               +--------+--------+--------+--------+--------+-----+--------+

Top non-repeatable levels by time:
     D:4: 1053 daAuts
     D:3: 948 daAuts
     D:1: 787 daAuts
     D:5: 719 daAuts
     D:2: 602 daAuts
     D:6: 325 daAuts
  Temple: 90 daAuts
